 Dungeon Crawl Stone Soup version 0.28-a0-851-g8b9cc49659 (webtiles) character file.

Game seed: 12072153216018628027

594611 Crownlay the Conqueror (level 27, -1/273 HPs)
             Began as a Hill Orc Fighter on Nov 14, 2021.
             Was a High Priest of Okawaru.
             Killed from afar by an orb of fire (22 damage)
             ... with a bolt of fire
             ... on level 5 of the Realm of Zot.
             The game lasted 03:49:43 (62755 turns).

Crownlay the Conqueror (Hill Orc Fighter)          Turns: 62755, Time: 03:49:44

Health: -1/273     AC: 55    Str: 39    XL:     27
Magic:  0/29       EV:  9    Int:  3    God:    Okawaru [*****.]
Gold:   5295       SH:  0    Dex: 12    Spells: 26/26 levels left

rFire   + + .      SeeInvis +   b - +0 executioner's axe of Innemim {venom, rN+ Dex+2 SInv}
rCold   . . .      Faith    .   (shield currently unavailable)
rNeg    + + +      Spirit   +   S - +12 crystal plate armour of Lies {Fly rN+++ Str-2 Int-5}
rPois   +          Reflect  .   D - +2 hat {Int+3}
rElec   +          Harm     .   V - +2 cloak {Will+}
rCorr   .          Rampage  .   q - +2 pair of gloves of Cupluil {Fly Regen+ Str+3}
Will    ++++.      NoTele   +   U - +1 pair of boots of the Pleiades {+Blink rPois rF+ Int-2}
Stlth   +++.......              j - amulet "Jauxug" {Spirit -Tele Contam Str+3 Stlth+}
HPRegen 1.55/turn               F - ring of Fallacy {rElec EV+4 Int-4 SInv Stlth+}
MPRegen 0.21/turn               L - ring of Jueruqeh {rF+ rN+ Will+ Str+6 Int+4}

@: heroic, marked, flying, held, slowed, studying 4 skills, unable to read, very
slow
A: horns 1, clumsy 1, dopey 1, low mp 2, screaming 1, teleportitis 1, no potion
heal 1, inability to read while threatened
}: 3/15 runes: decaying, abyssal, gossamer
a: Renounce Religion, Evoke Blink, Heroism, Finesse, Duel


You were on level 5 of the Realm of Zot.
You worshipped Okawaru.
Okawaru was extremely pleased with you.
You visited 10 branches of the dungeon, and saw 48 of its levels.
You visited the Abyss 3 times.
You also visited: Trove, Bailey, Gauntlet, Ice Cave, Volcano and Wizlab.

You collected 7538 gold pieces.
You spent 2243 gold pieces at shops.

Inventory:

Hand Weapons
 b - the +0 executioner's axe of Innemim (weapon) {venom, rN+ Dex+2 SInv}
   (You acquired it in a bailey)

   It poisons the flesh of those it strikes.
   Dex:       It affects your dexterity (+2).
   rN:        It protects you from negative energy.
   SInv:      It lets you see invisible.
 H - the +9 heavy crossbow "Sniper" {vorpal, Acc+∞ SInv}
   (You found it on level 4 of the Vaults)

   Any ammunition fired from it inflicts extra damage upon your enemies.
   Any ammunition fired from it never misses its target.
   SInv:      It lets you see invisible.
 N - the +5 battleaxe "Aubergine" {freeze, rF++ Will+}
   (Okawaru gifted it to you on level 3 of the Realm of Zot)

   It freezes those it strikes, dealing additional cold damage.
   It can also slow down cold-blooded creatures.
   rF:        It greatly protects you from fire.
   Will:      It increases your willpower.
 R - a +6 broad axe of flaming
Missiles
 a - 2 silver boomerangs
 k - 3 throwing nets
 p - 28 silver javelins
 x - 19 boomerangs (quivered)
 J - 55 javelins
 Z - 6 boomerangs of dispersal
Armour
 o - a +2 hat of willpower
 q - the +2 pair of gloves of Cupluil (worn) {Fly Regen+ Str+3}
   (You acquired it on level 14 of the Dungeon)

   Str:       It affects your strength (+3).
   Fly:       It grants you flight.
   Regen:     It increases your rate of health regeneration.
 D - a +2 hat of intelligence (worn)
 K - a +0 buckler of reflection
 P - a +2 tower shield
 S - the +12 crystal plate armour of Lies (worn) {Fly rN+++ Str-2 Int-5}
   (Okawaru gifted it to you on level 4 of the Vaults)

   Str:       It affects your strength (-2).
   Int:       It affects your intelligence (-5).
   rN:        It renders you almost immune to negative energy.
   Fly:       It grants you flight.
 T - a +2 cloak of fire resistance
 U - the +1 pair of boots of the Pleiades (worn) {+Blink rPois rF+ Int-2}
   (You found it on level 4 of the Lair of Beasts)

   Int:       It affects your intelligence (-2).
   rF:        It protects you from fire.
   rPois:     It protects you from poison.
   +Blink:    It lets you blink.
 V - a +2 cloak of willpower (worn)
Jewellery
 c - the ring "Masaepum" {rN+ Will+ Dex+4}
   (You found it on level 2 of the Vaults)

   [ring of positive energy]

   Dex:       It affects your dexterity (+4).
   rN:        It protects you from negative energy.
   Will:      It increases your willpower.
 i - the ring of Johiklom {Str+6 Int+7 Dex-5}
   (You found it in a Gauntlet)

   [ring of strength]

   Str:       It affects your strength (+6).
   Int:       It affects your intelligence (+7).
   Dex:       It affects your dexterity (-5).
 j - the amulet "Jauxug" (around neck) {Spirit -Tele Contam Str+3 Stlth+}
   (You found it in a Gauntlet)

   [amulet of guardian spirit]

   It causes incoming damage to be divided between your reserves of health and
   magic.
   Str:       It affects your strength (+3).
   -Tele:     It prevents most forms of teleportation.
   Contam:    It causes magical contamination when unequipped.
   Stlth:     It makes you more stealthy.
 F - the ring of Fallacy (left hand) {rElec EV+4 Int-4 SInv Stlth+}
   (You bought it in a shop on level 2 of the Orcish Mines)

   [ring of evasion]

   EV:        It affects your evasion (+4).
   Int:       It affects your intelligence (-4).
   rElec:     It insulates you from electricity.
   SInv:      It lets you see invisible.
   Stlth:     It makes you more stealthy.
 L - the ring of Jueruqeh (right hand) {rF+ rN+ Will+ Str+6 Int+4}
   (You found it in a treasure trove)

   [ring of strength]

   Str:       It affects your strength (+6).
   Int:       It affects your intelligence (+4).
   rF:        It protects you from fire.
   rN:        It protects you from negative energy.
   Will:      It increases your willpower.
 Q - an amulet of reflection
Wands
 g - a wand of acid (14)
 m - a wand of paralysis (59)
 s - a wand of flame (80)
 w - a wand of digging (34)
 I - a wand of polymorph (65)
Scrolls
 h - a scroll of silence
 l - 24 scrolls of teleportation
 r - 3 scrolls of holy word
 y - 5 scrolls of fear
 A - 10 scrolls of fog
 G - a scroll of brand weapon
 M - 4 scrolls of blinking
 O - 7 scrolls of magic mapping
Potions
 d - 9 potions of might
 e - 19 potions of curing
 f - 6 potions of berserk rage
 n - 3 potions of invisibility
 t - 6 potions of heal wounds
 v - 7 potions of ambrosia
 z - 4 potions of resistance
 B - 8 potions of mutation
 C - 8 potions of cancellation
 E - 6 potions of haste
Miscellaneous
 u - a condenser vane (inert)
 Y - a phial of floods


   Skills:
 O Level 27 Fighting
 - Level 24.0(27) Axes
 + Level 19.1(24.1) Throwing
 - Level 20.0(25.0) Armour
 - Level 17.4(22.4) Stealth
 - Level 6.7(11.7) Shields
 - Level 20.0 Invocations
 - Level 15.0 Evocations


You had 26 spell levels left.
You didn't know any spells.
Your spell library contained the following spells:

 Spells                   Type           Power      Damage    Failure   Level
 Beastly Appendage        Tmut           0%         N/A       95%         1
 Freeze                   Ice            0%         1d3       95%         1
 Magic Dart               Conj           0%         1d3       95%         1
 Blink                    Tloc           0%         N/A       98%         2
 Corpse Rot               Necr/Air       0%         N/A       98%         2
 Ensorcelled Hibernation  Hex/Ice        0%         N/A       98%         2
 Sublimation of Blood     Necr           0%         N/A       98%         2
 Wereblood                Tmut           0%         N/A       98%         2
 Frozen Ramparts          Ice            0%         1d2       100%        3
 Gell's Gravitas          Tloc           0%         N/A       100%        3
 Ignite Poison            Fire/Tmut/Pois 0%         N/A       100%        3
 Inner Flame              Hex/Fire       0%         N/A       100%        3
 Lesser Beckoning         Tloc           0%         N/A       100%        3
 Mephitic Cloud           Conj/Pois/Air  0%         N/A       100%        3
 Ozocubu's Armour         Ice            0%         N/A       100%        3
 Portal Projectile        Hex/Tloc       0%         N/A       100%        3
 Spider Form              Tmut/Pois      0%         N/A       100%        3
 Stone Arrow              Conj/Erth      0%         3d7       100%        3
 Teleport Other           Tloc           0%         N/A       100%        3
 Cause Fear               Hex            0%         N/A       100%        4
 Dispel Undead            Necr           0%         3d6       100%        4
 Hailstorm                Conj/Ice       0%         3d3       100%        4
 Ice Form                 Ice/Tmut       0%         N/A       100%        4
 Leda's Liquefaction      Hex/Erth       0%         N/A       100%        4
 Alistair's Intoxication  Tmut/Pois      0%         N/A       100%        5
 Blade Hands              Tmut           0%         N/A       100%        5
 Borgnjor's Vile Clutch   Necr/Erth      0%         N/A       100%        5
 Fireball                 Conj/Fire      0%         3d3       100%        5
 Freezing Cloud           Conj/Ice/Air   0%         6-21      100%        5
 Irradiate                Conj/Tmut      0%         3d13      100%        5
 Iskenderun's Battlesphe  Conj           0%         2d6       100%        5
 Manifold Assault         Tloc           0%         N/A       100%        5
 Metabolic Englaciation   Hex/Ice        0%         N/A       100%        5
 Yara's Violent Unravell  Hex/Tmut       0%         3d3       100%        5
 Conjure Ball Lightning   Conj/Air       0%         3x3d6     100%        6
 Eringya's Noxious Bog    Tmut/Pois      0%         N/A       100%        6
 Iron Shot                Conj/Erth      0%         9d1       100%        6
 Dragon Form              Tmut           0%         N/A       100%        7
 Orb of Destruction       Conj           0%         N/A       100%        7
 Ozocubu's Refrigeration  Ice            0%         4d5       100%        7
 Borgnjor's Revivificati  Necr           0%         N/A       100%        8
 Necromutation            Tmut/Necr      0%         N/A       100%        8
 Chain Lightning          Conj/Air       0%         N/A       100%        9
 Death's Door             Necr           0%         N/A       100%        9
 Fire Storm               Conj/Fire      0%         5d1       100%        9
 Shatter                  Erth           0%         3d5*      100%        9
 Call Imp                 Summ           Unusable   N/A       N/A         2
 Tukima's Dance           Hex            Unusable   N/A       N/A         3
 Animate Armour           Summ/Erth      Unusable   N/A       N/A         4
 Summon Forest            Summ/Tloc      Unusable   N/A       N/A         5
 Summon Mana Viper        Hex/Summ       Unusable   N/A       N/A         5
 Death Channel            Necr           Unusable   N/A       N/A         6
 Summon Cactus Giant      Summ           Unusable   N/A       N/A         6
 Summon Hydra             Summ           Unusable   N/A       N/A         7
 Dragon's Call            Summ           Unusable   N/A       N/A         9

Dungeon Overview and Level Annotations

Branches:
Dungeon (15/15)            Temple (1/1) D:5            Lair (6/6) D:9
  Swamp (4/4) Lair:2       Spider (4/4) Lair:2        Slime (0/5) Lair:6
    Orc (2/2) D:10            Elf (3/3) Orc:2        Vaults (4/5) D:13
  Crypt (0/3) Vaults:3     Depths (4/4) D:15            Zot (5/5) Depths:4
 Bailey (visited)           IceCv (visited)         Volcano (visited)
 WizLab (visited)         Gauntlet (visited)

Altars:
Ashenzari
Dithmenos
Fedhas
Gozag
Kikubaaqudgha
Makhleb
Nemelex Xobeh
Okawaru
Ru
Sif Muna
Vehumet
Wu Jian
Xom
Yredelemnul
Zin
The Shining One

Shops:
D:4 *   D:11 :   D:12 (!*   Orc:2 [=****(*   Elf:1 *   Elf:2 !   Depths:1 =:=
Depths:3 [

Portals:
Hell: Depths:1 Depths:2 Depths:3 Depths:4
Abyss: Depths:2 Depths:3 Depths:4
Pandemonium: Orc:2 Depths:2 Depths:3
Ziggurat: Depths:2

Annotations:
D:15 3 runed translucent doors, Himuttisk's ghost, adept DESu


Innate Abilities, Weirdness & Mutations

You have a pair of small horns on your head.
You are clumsy. (Dex -2)
You are dopey. (Int -2)
Your magical capacity is very low. (-20% MP)
You occasionally shout uncontrollably at your foes.
You are occasionally teleported next to monsters.
Potions are less effective at restoring your health.
You sometimes lose the ability to read scrolls when taking damage.


Message History

The dread lich flickers and vanishes for a moment.
The orb of fire emits a lurid red light.
The bolt of fire hits you! You resist.
* * * LOW HITPOINT WARNING * * *
The orb of fire glows deep purple.
The fireball explodes!
The fireball engulfs you!! You resist.
* * * LOW HITPOINT WARNING * * *
The fireball engulfs the orb of fire.
The orb of fire completely resists.
The fireball engulfs the orb of fire.
The orb of fire completely resists.
The fireball engulfs the orb of fire.
The orb of fire completely resists.
The fireball engulfs the orb of fire.
The orb of fire completely resists.
The Orb Guardian is engulfed in blazing flames.
The green draconian is engulfed in blazing flames.
The white draconian stormcaller is engulfed in blazing flames.
The moth of wrath is engulfed in blazing flames.
The dread lich mumbles some strange words.
The yellow draconian is engulfed in blazing flames.
The Orb Guardian is engulfed in blazing flames.
A black draconian comes into view. It is wielding a +0 glaive.
The white draconian is engulfed in blazing flames.
The dread lich is engulfed in blazing flames.
The orb of fire glows red.
The fireball explodes!
The fireball engulfs you!! You resist.
* * * LOW HITPOINT WARNING * * *
The fireball engulfs the orb of fire.
The orb of fire completely resists.
The fireball engulfs the orb of fire.
The orb of fire completely resists.
The fireball engulfs the orb of fire.
The orb of fire completely resists.
The fireball engulfs the orb of fire.
The orb of fire completely resists.
The Orb Guardian is engulfed in blazing flames.
The dread lich is engulfed in blazing flames.
Okay, then.
Okay, then.
You cannot read scrolls in your current state!
Unknown command.
Okay, then.
You struggle against the net.
The Orb Guardian is engulfed in blazing flames.
The orb of fire glows deep purple.
The bolt of fire hits you!! You resist.
You die...

...............## #.............
................# ##...........#
......y.........# #...........#
.........^......# ##...........#
...........^....# #.§§..........
.....).........^# ##§L§..........
..^........^.9..###§§d§d.........
..)............###Xd§###########.
........§qq1.X##@*XX## ##
.........dqyLLL***### #
....##▓▓▓▓▓▓▓▓▓▓▓# ...


You could see 4 orbs of fire, an ancient lich, 3 dread liches, a black
draconian, a yellow draconian, a green draconian, a white draconian, a white
draconian stormcaller, 3 Orb Guardians and a moth of wrath.

Vanquished Creatures
  3 orbs of fire
  Mara (Depths:3)
  A juggernaut (Abyss:5)
  Bai Suzhen (Swamp:4)
  2 Killer Klowns
  A shard shrike (Zot:3)
  5 curse toes
  9 golden dragons
  the Enchantress (Depths:3)
  2 bone dragons (Depths:4)
  Arachne (Arena)
  The ghost of MagicUser the Severer, an adept FoFi of Okawaru (Vaults:3)
  A hellephant (Zot:3)
  Jorgrun (D:13)
  Rupert (Orc:2)
  9 Orb Guardians (Zot:5)
  14 tentacled monstrosities
  3 quicksilver dragons
  2 titans (Vaults:4)
  A walking earthen tome (Depths:3)
  2 deep elf blademasters (Elf:3)
  The ghost of tstbtto the Severer, an adept DDBe of Trog (Spider:4)
  4 deep elf master archers (Elf:3)
  An eldritch tentacle (WizLab)
  A tentacled starspawn (WizLab)
  4 death cobs
  11 shadow dragons
  An ancient champion (Vaults:3)
  3 thorn hunters
  10 tengu reavers
  The ghost of Wopnel the Fighter, an adept DsVM of Vehumet (Spider:4)
  12 storm dragons
  8 draconian knights
  6 fire giants
  7 draconian monks
  A daeva (Abyss:5)
  An iron dragon (Vaults:4)
  The ghost of sn0wgr3 the Protected, a journeyman MiFi of Ru (Spider:4)
  Louise (Swamp:1)
  A frost giant (Vaults:2)
  5 deep elf sorcerers
  4 emperor scorpions
  15 vault wardens
  4 ghouls
  Aizul (Swamp:1)
  6 ghost moths
  The ghost of Xitiatz the Demolition Dwarf, a journeyman DDFi of Makhleb (Spider:4)
  2 angels
  14 draconian scorchers
  A balrug (Abyss:5)
  6 orc warlords
  12 draconian shifters
  A deep elf elementalist (Elf:3)
  2 draconian stormcallers
  3 spriggan defenders (Depths:3)
  22 ironbound preservers
  13 stone giants
  33 very ugly things
  A war gargoyle (Vaults:4)
  6 draconian annihilators
  2 ophanim (Abyss:5)
  Nessos (Arena)
  16 green draconians
  16 black draconians
  2 vampire knights (Swamp:4)
  3 deep elf demonologists (Elf:3)
  11 deep elf annihilators
  A minotaur (Gauntlet)
  A lorocyproca (Abyss:5)
  15 dire elephants
  14 purple draconians
  13 red draconians
  9 white draconians
  11 spark wasps
  7 bunyips
  2 entropy weavers
  7 yellow draconians
  7 deep elf death magi (Elf:3)
  A merfolk javelineer (Depths:3)
  9 eleionomae
  11 yaktaur captains
  6 ettins
  A blizzard demon (Gauntlet)
  A green death (Abyss:5)
  4 shambling mangroves (Swamp:4)
  Josephine (D:10)
  9 fire dragons
  6 deep elf high priests (Elf:3)
  3 boulder beetles
  A rakshasa (Depths:1)
  15 vault guards
  9 great orbs of eyes
  6 ironbound thunderhulks
  9 spriggan air magi
  A hell beast (Depths:1)
  6 ice dragons
  22 hydras
  5 ghost crabs
  3 ogre magi
  2 demonspawn (Orc:2)
  8 ironbound frosthearts
  11 alligators
  7 centaur warriors
  3 death knights
  31 dancing weapons
  2 deep troll shamans
  3 death yaks (Gauntlet)
  6 two-headed ogres
  An anaconda (shapeshifter) (D:13)
  A hell hog (Depths:1)
  7 tengu warriors
  3 deep troll earth magi (Vaults:2)
  6 orc high priests
  17 spriggans
  5 spriggan berserkers
  5 thrashing horrors
  A soul eater (Depths:1)
  2 wretched stars (Abyss:2)
  A fire crab (Lair:6)
  16 deep elf knights
  9 hell knights
  Sonja (Lair:4)
  5 sun demons
  4 skeletal warriors (D:15)
  A spatial maelstrom (Abyss:5)
  A fire crab (shapeshifter) (Vaults:4)
  A salamander mystic (Depths:1)
  2 goliath frogs
  A sixfirhy (WizLab)
  2 death drakes
  2 cherubim (Abyss:5)
  11 swamp dragons
  78 deep trolls
  A shadow demon (Depths:3)
  4 spectral hydras (Swamp:4)
  A lindwurm (shapeshifter) (Abyss:5)
  2 flayed ghosts
  3 starcursed masses (Abyss:5)
  14 deep elf archers
  13 wizards
  8 bog bodies
  5 spriggan druids
  16 lindwurms
  2 glowing orange brains
  4 necromancers
  Pikel (D:7)
  2 obsidian statues
  15 ironbound convokers
  20 deep elf pyromancers
  2 manticores
  20 deep elf zephyrmancers
  9 harpies (Vaults:3)
  15 orc knights
  5 phantasmal warriors
  61 ugly things
  25 wolf spiders
  25 orb spiders
  A will-o-the-wisp (Swamp:4)
  11 orc sorcerers
  3 oklob plants (Swamp:4)
  A worldbinder (Abyss:2)
  2 salamanders (Depths:1)
  10 cyclopes
  3 ice statues (IceCv)
  24 moths of wrath
  4 elephants (Lair:2)
  4 black mambas (Lair:6)
  11 vault sentinels
  An apocalypse crab (WizLab)
  4 smoke demons
  2 molten gargoyles (Lair:6)
  A gargoyle (D:14)
  Maurice (D:9)
  2 unseen horrors
  4 rime drakes
  A torpor snail (shapeshifter) (Vaults:2)
  8 cane toads
  43 yaktaurs
  Psyche (D:9)
  2 demonspawn skeletons (WizLab)
  2 torpor snails (Spider:3)
  Maggie (D:7)
  An efreet (D:14)
  An entropy weaver simulacrum (IceCv)
  11 komodo dragons
  3 kobold demonologists
  22 demonic crawlers
  8 freezing wraiths
  6 tengu conjurers
  3 ice devils
  4 hellwings
  35 jumping spiders
  8 trolls
  3 meliai
  5 tyrant leeches
  2 hydra zombies (Swamp:4)
  A wind drake (WizLab)
  A polar bear (Lair:5)
  4 death drake zombies (Swamp:4)
  2 hydra skeletons (Swamp:4)
  A bloated husk (Swamp:3)
  27 hornets
  A queen bee (shapeshifter) (Elf:2)
  4 raiju
  5 dream sheep (Lair:5)
  28 blink frogs
  A raiju (shapeshifter) (D:15)
  54 slime creatures
  69 redbacks
  4 air elementals
  2 ynoxinuls (Abyss:2)
  7 wyverns
  48 yaks
  A spriggan (shapeshifter) (D:13)
  23 water elementals
  39 tarantellas
  12 basilisks
  8 wraiths
  2 chaos spawn
  5 fire elementals
  A human (shapeshifter) (Vaults:1)
  2 neqoxecs (Orc:2)
  A death yak simulacrum (IceCv)
  2 steam dragons (Lair:6)
  6 vampire mosquitoes
  6 spatial vortices
  2 wargs
  A harpy simulacrum (IceCv)
  8 large abominations
  14 swamp worms
  An acid dragon (D:12)
  6 hell hounds
  4 hydra simulacra
  An ice beast (D:5)
  20 water moccasins
  A tengu skeleton (WizLab)
  3 black bears
  12 swamp drakes
  37 orc warriors
  4 necrophages
  11 ogres
  4 boggarts (Vaults:2)
  2 swamp dragon zombies (Swamp:4)
  3 small abominations
  22 wolves
  A swamp dragon skeleton (Swamp:4)
  24 centaurs
  A phantom (D:5)
  4 kobold brigands
  Blork the orc (D:6)
  2 bullfrogs
  A gnoll sergeant (Orc:1)
  3 earth elementals
  9 scorpions
  2 water moccasin skeletons
  3 elephant simulacra (IceCv)
  5 killer bees (D:9)
  19 wights
  13 electric eels
  3 howler monkeys
  4 lava snakes (Lair:6)
  6 centaur zombies
  A quasit (Abyss:2)
  A hound (D:6)
  2 iron imps
  8 jellies
  3 gnoll shamans
  19 orc priests
  3 iguanas
  2 bullfrog skeletons (D:4)
  20 orc wizards
  A polar bear simulacrum (IceCv)
  A statue (D:9)
  A wolf simulacrum (IceCv)
  A hound skeleton (D:5)
  A howler monkey zombie (D:7)
  28 gnolls
  3 adders
  3 shadow imps
  A white imp (D:7)
  2 worms (Lair:2)
  73 orcs
  6 ball pythons
  11 endoplasms
  2 giant cockroaches
  14 goblins
  10 hobgoblins
  38 kobolds
  7 quokkas
  7 bats
  5 frilled lizards
  6 rats
  A butterfly (Lair:2)
2249 creatures vanquished.

Vanquished Creatures (others)
  An ironbound preserver (Vaults:2)
  A deep elf knight (Elf:3)
  A neqoxec (Abyss:2)
  A basilisk (Lair:6)
  2 orcs (D:9)
  4 briar patches (Swamp:4)
  4 foxfires (Swamp:4)
  33 fungi
  102 plants
  2 starspawn tentacles (WizLab)
  5 toadstools (D:11)
  5 withered plants (Depths:1)
161 creatures vanquished.

Grand Total: 2410 creatures vanquished

Notes
Turn   | Place    | Note
-------+----------+-------------------------------------------
     0 | D:1      | Crownlay the Hill Orc Fighter began the quest for the Orb.
     0 | D:1      | Reached XP level 1. HP: 19/19 MP: 1/1
   321 | D:1      | Reached XP level 2. HP: 15/26 MP: 2/2
   608 | D:1      | Found a faded altar of an unknown god.
   954 | D:1      | Reached XP level 3. HP: 31/31 MP: 3/3
  1424 | D:2      | Found a shadowy altar of Dithmenos.
  2279 | D:3      | Reached skill level 5 in Axes
  2412 | D:3      | Reached XP level 4. HP: 29/39 MP: 4/4
  2750 | D:3      | Reached XP level 5. HP: 45/45 MP: 5/5
  3389 | D:4      | Noticed a necrophage
  3401 | D:4      | Killed a necrophage
  3402 | D:4      | Reached XP level 6. HP: 39/51 MP: 6/6
  3485 | D:4      | Found Woetoh's General Store.
  3793 | D:4      | Reached XP level 7. HP: 57/57 MP: 7/7
  4268 | D:5      | Entered Level 5 of the Dungeon
  4276 | D:5      | Reached skill level 10 in Axes
  4671 | D:5      | Found a staircase to the Ecumenical Temple.
  4684 | Temple   | Entered the Ecumenical Temple
  4701 | Temple   | Became a worshipper of Warmaster Okawaru
  4745 | D:5      | Reached XP level 8. HP: 52/64 MP: 8/8
  5744 | D:6      | Reached skill level 1 in Invocations
  5749 | D:6      | Got the Catalogue of the Frostbite
  5831 | D:6      | Found an opulent altar of Gozag.
  5840 | D:6      | Reached * piety under Okawaru
  5983 | D:6      | Noticed Blork the orc
  5991 | D:6      | Killed Blork the orc
  6076 | D:6      | Reached XP level 9. HP: 61/70 MP: 12/12
  6152 | D:6      | Reached skill level 5 in Invocations
  6334 | D:7      | Reached ** piety under Okawaru
  6381 | D:7      | Noticed Maggie
  6399 | D:7      | Killed Maggie
  6434 | D:7      | Found a flagged portal.
  6528 | Bailey   | Entered a bailey
  6569 | Bailey   | Noticed an orc warlord
  6569 | Bailey   | Found the +5 sword of Power {vorpal}
  7294 | Bailey   | Found a runed translucent gate.
  7295 | Bailey   | Found a runed translucent gate.
  7296 | Bailey   | Found a runed translucent gate.
  7622 | Bailey   | Acquired the +0 executioner's axe of Innemim {venom, rN+
                  | Dex+2 SInv}
  7744 | Bailey   | Killed an orc warlord
  7744 | Bailey   | Reached *** piety under Okawaru
  7745 | Bailey   | Reached skill level 10 in Invocations
  7745 | Bailey   | Reached skill level 5 in Fighting
  7745 | Bailey   | Reached XP level 10. HP: 7/83 MP: 15/17
  8140 | Bailey   | Reached skill level 13 in Fighting
  8140 | Bailey   | Reached XP level 11. HP: 108/108 MP: 18/18
  8267 | D:7      | Noticed Pikel
  8273 | D:7      | Killed Pikel
  8430 | D:7      | Noticed a cyclops
  8438 | D:7      | Killed a cyclops
  8438 | D:7      | Reached **** piety under Okawaru
  8741 | D:8      | Found a shadowy altar of Dithmenos.
  9157 | D:8      | Reached skill level 15 in Axes
  9170 | D:8      | Reached skill level 1 in Throwing
  9732 | D:8      | Found a faded altar of an unknown god.
  9732 | D:8      | Found a broken altar of Ashenzari.
  9740 | D:8      | Found a blossoming altar of Fedhas.
  9742 | D:8      | Found an ornate altar of the Wu Jian Council.
  9744 | D:8      | Found a faded altar of an unknown god.
 10416 | D:9      | Noticed Psyche
 10425 | D:9      | Killed Psyche
 10689 | D:9      | Found a staircase to the Lair.
 10786 | D:9      | Reached ***** piety under Okawaru
 11022 | D:9      | Received a gift from Okawaru
 11068 | D:9      | Found a glowing golden altar of the Shining One.
 11073 | D:9      | Found a basalt altar of Yredelemnul.
 11076 | D:9      | Noticed a profane servitor
 11240 | D:9      | Noticed an angel
 11414 | D:9      | Noticed Maurice
 11416 | D:9      | Noticed a two-headed ogre
 11427 | D:9      | Killed a two-headed ogre
 11431 | D:9      | Paralysed by Maurice for 7 turns
 11441 | D:9      | Killed Maurice
 11585 | D:9      | Found a radiant altar of Vehumet.
 11616 | D:9      | Reached XP level 12. HP: 111/116 MP: 19/19
 11995 | D:10     | Entered Level 10 of the Dungeon
 11997 | D:10     | Noticed Josephine
 12009 | D:10     | Reached skill level 5 in Throwing
 12009 | D:10     | Killed Josephine
 12009 | D:10     | Identified the +11 morningstar of Cowardice {spect, rCorr
                  | Stlth+} (Okawaru gifted it to you on level 10 of the
                  | Dungeon)
 12009 | D:10     | Received a gift from Okawaru
 12096 | D:10     | Noticed a two-headed ogre
 12104 | D:10     | Killed a two-headed ogre
 12394 | D:10     | Noticed a two-headed ogre
 12402 | D:10     | Killed a two-headed ogre
 12589 | D:10     | Found a staircase to the Orcish Mines.
 13533 | Lair:1   | Entered Level 1 of the Lair of Beasts
 13626 | Lair:1   | Found the +2 robe of Vines {NoPotionHeal Regen+++}
 13681 | Lair:1   | Noticed a boulder beetle
 13687 | Lair:1   | Killed a boulder beetle
 13802 | Lair:1   | Found a dark tunnel.
 13807 | Volcano  | Entered a volcano
 13823 | Volcano  | Noticed a centaur warrior
 13917 | Volcano  | Killed a centaur warrior
 13917 | Volcano  | Received a gift from Okawaru
 13994 | Volcano  | Found a burning altar of Makhleb.
 14002 | Volcano  | Noticed a hell knight
 14018 | Volcano  | Killed a hell knight
 14706 | Lair:2   | Noticed an eight-headed hydra
 14716 | Lair:2   | Killed a five-headed hydra
 15087 | Lair:2   | Received a gift from Okawaru
 15107 | Lair:2   | Received a gift from Okawaru
 15108 | Lair:2   | Reached XP level 13. HP: 54/123 MP: 20/20
 15670 | Lair:2   | Received a gift from Okawaru
 15908 | Lair:2   | Reached ****** piety under Okawaru
 15925 | Lair:2   | Found a hole to the Spider Nest.
 15948 | Lair:2   | Found a staircase to the Swamp.
 16152 | Lair:3   | Received a gift from Okawaru
 16572 | Lair:3   | Reached skill level 10 in Throwing
 16719 | Lair:3   | Received a gift from Okawaru
 17888 | Lair:4   | Received a gift from Okawaru
 18377 | Lair:4   | Noticed Sonja
 18382 | Lair:4   | Killed Sonja
 18499 | Lair:4   | Identified the +1 pair of boots of the Pleiades {+Blink
                  | rPois rF+ Int-2}
 18934 | Lair:5   | Reached skill level 1 in Evocations
 19435 | Lair:5   | Received a gift from Okawaru
 20110 | Lair:6   | Entered Level 6 of the Lair of Beasts
 20410 | Lair:6   | Reached XP level 14. HP: 84/130 MP: 18/21
 20465 | Lair:6   | Reached skill level 5 in Evocations
 20671 | Lair:6   | Found a large runed translucent door.
 20671 | Lair:6   | Found a large runed translucent door.
 20688 | Lair:6   | Received a gift from Okawaru
 20925 | Lair:6   | Found a shimmering blue altar of Sif Muna.
 21032 | Lair:6   | Received a gift from Okawaru
 21107 | Lair:6   | Found a staircase to the Slime Pits.
 21680 | Orc:1    | Entered Level 1 of the Orcish Mines
 21726 | Orc:1    | Found a frozen archway.
 21781 | IceCv    | Entered an ice cave
 21929 | IceCv    | HP: 2/130 [entropy weaver simulacrum (16)]
 21940 | IceCv    | Received a gift from Okawaru
 22355 | Orc:2    | Entered Level 2 of the Orcish Mines
 22356 | Orc:2    | Found Fimoakk's General Store.
 22520 | Orc:2    | Noticed Rupert
 22531 | Orc:2    | Killed Rupert
 22564 | Orc:2    | Noticed an orc warlord
 22587 | Orc:2    | Killed an orc warlord
 22665 | Orc:2    | Found Adugeka's Weapon Shoppe.
 22693 | Orc:2    | Found Cuew's General Store.
 22714 | Orc:2    | Bought a potion of attraction for 45 gold pieces
 22714 | Orc:2    | Bought a scroll of enchant weapon for 112 gold pieces
 22805 | Orc:2    | Found Gowkirch's Assorted Antiques.
 22949 | Orc:2    | Reached XP level 15. HP: 137/137 MP: 24/24
 22972 | Orc:2    | Found a staircase to the Elven Halls.
 22978 | Orc:2    | Bought a scroll of enchant armour for 195 gold pieces
 22978 | Orc:2    | Bought a scroll of teleportation for 78 gold pieces
 22978 | Orc:2    | Bought a scroll of blinking for 195 gold pieces
 22984 | Orc:2    | Gained mutation: You are frail. (-10% HP) [a neqoxec]
 22999 | Orc:2    | Received a gift from Okawaru
 23180 | Orc:2    | Found Jeiggyakk's General Store.
 23184 | Orc:2    | Found Canty's General Store.
 23340 | Orc:2    | Bought a scroll of holy word for 90 gold pieces
 23342 | Orc:2    | Bought a condenser vane for 640 gold pieces
 23342 | Orc:2    | Bought a scroll of identify for 32 gold pieces
 23342 | Orc:2    | Bought a potion of heal wounds for 80 gold pieces
 23498 | Orc:2    | Received a gift from Okawaru
 23573 | Orc:2    | Found Utro's Antique Armour Shop.
 23573 | Orc:2    | Found Zaceyw's Jewellery Boutique.
 23574 | Orc:2    | Found a one-way gate leading to the halls of Pandemonium.
 23989 | D:11     | Found a gate leading to a gauntlet.
 24003 | D:11     | Received a gift from Okawaru
 24017 | Gauntlet | Entered a Gauntlet
 24017 | Gauntlet | Found a transporter.
 24017 | Gauntlet | Found a transporter.
 24017 | Gauntlet | Found a transporter.
 24017 | Gauntlet | Found a transporter.
 24061 | Gauntlet | Found a transporter.
 24071 | Gauntlet | Found a transporter.
 24092 | Gauntlet | Found a transporter.
 24108 | Gauntlet | Found a transporter.
 24150 | Gauntlet | Found a transporter.
 24168 | Gauntlet | Found a transporter.
 24176 | Gauntlet | Found a transporter.
 24193 | Gauntlet | Found a transporter.
 24478 | Gauntlet | Identified the amulet "Jauxug" {Spirit -Tele Contam Str+3
                  | Stlth+}
 24518 | Gauntlet | Identified the ring of Johiklom {Str+6 Int+7 Dex-5}
 24583 | Gauntlet | Identified the +7 flail "Dragonbane" {flame, rElec rF-
                  | rCorr Int+5}
 24602 | Gauntlet | Received a gift from Okawaru
 25361 | D:11     | Found Pem Qosu's Book Shop.
 25460 | D:11     | Found an ornate altar of the Wu Jian Council.
 25712 | D:12     | Received a gift from Okawaru
 25755 | D:12     | Found Maiptih's Weapon Emporium.
 25920 | D:12     | Found Hufar's Distillery.
 25934 | D:12     | Bought a potion of heal wounds for 60 gold pieces
 26101 | D:12     | Found Iffycie's Assorted Antiques.
 26242 | D:12     | Found a portal to a secret trove of treasure.
 26554 | D:13     | Noticed Jorgrun
 26559 | D:13     | Killed Jorgrun
 26668 | D:13     | Found a gate to the Vaults.
 26708 | D:13     | Reached XP level 16. HP: 93/130 MP: 26/26
 26928 | D:13     | Received a gift from Okawaru
 27356 | D:14     | Acquired a manual of Stealth
 27361 | D:14     | Reached skill level 1 in Stealth
 27645 | D:14     | Noticed Nessos
 27646 | D:14     | Reached skill level 5 in Stealth
 27667 | Arena    | Entered the Arena
 27673 | Arena    | Killed Nessos
 27912 | D:14     | Found a radiant altar of Vehumet.
 28332 | D:14     | Acquired the +2 pair of gloves of Cupluil {Fly Regen+
                  | Str+3}
 28380 | D:15     | Entered Level 15 of the Dungeon
 28862 | D:15     | Received a gift from Okawaru
 28865 | D:15     | Reached skill level 10 in Stealth
 28963 | D:15     | Found an iron altar of Okawaru.
 29111 | D:15     | Found a runed translucent gate.
 29112 | D:15     | Found a runed translucent gate.
 29113 | D:15     | Found a runed translucent gate.
 29211 | D:15     | Received a gift from Okawaru
 29361 | D:15     | Found a staircase to the Depths.
 29524 | D:15     | Noticed Himuttisk's ghost (adept DESu)
 30368 | Swamp:1  | Entered Level 1 of the Swamp
 30373 | Swamp:1  | Received a gift from Okawaru
 30407 | Swamp:1  | Noticed Aizul
 30475 | Swamp:1  | Killed Aizul
 30477 | Swamp:1  | Reached XP level 17. HP: 95/135 MP: 25/27
 30791 | Swamp:1  | Noticed Louise
 30810 | Swamp:1  | Killed Louise
 31112 | Swamp:2  | Reached skill level 5 in Armour
 31130 | Swamp:2  | Received a gift from Okawaru
 32032 | Swamp:3  | Received a gift from Okawaru
 32150 | Swamp:3  | Received a gift from Okawaru
 32461 | Swamp:4  | Entered Level 4 of the Swamp
 32824 | Swamp:4  | Found an ancient bone altar of Kikubaaqudgha.
 32832 | Swamp:4  | Received a gift from Okawaru
 32871 | Swamp:4  | Reached skill level 15 in Invocations
 33056 | Swamp:4  | Reached XP level 18. HP: 143/143 MP: 27/29
 33058 | Swamp:4  | Reached skill level 10 in Armour
 33083 | Swamp:4  | Identified the +2 leather armour of Modesty {Fly rC+}
 33348 | Swamp:4  | Paralysed by a vampire knight for 6 turns
 33354 | Swamp:4  | HP: 3/137 [vampire knight (4)]
 33462 | Swamp:4  | Noticed Bai Suzhen
 33479 | Swamp:4  | Killed Bai Suzhen
 33850 | Swamp:4  | Found a blossoming altar of Fedhas.
 33864 | Swamp:4  | Reached skill level 14 in Fighting
 33965 | Swamp:4  | Found a basalt altar of Yredelemnul.
 34026 | Swamp:4  | Got a decaying rune of Zot
 34138 | Spider:1 | Entered Level 1 of the Spider Nest
 34139 | Spider:1 | Acquired a +1 hat of willpower
 34191 | Spider:1 | Received a gift from Okawaru
 34250 | Spider:1 | Reached skill level 15 in Fighting
 34962 | Spider:2 | Reached skill level 16 in Fighting
 35275 | Spider:2 | Received a gift from Okawaru
 36110 | Spider:3 | Identified the +7 plate armour of Ignis's Inspiration
                  | {Rampage rCorr Str-3 Int+4}
 36272 | Spider:3 | Reached XP level 19. HP: 156/156 MP: 31/31
 36446 | Spider:3 | Noticed Arachne
 36451 | Arena    | Entered the Arena
 36464 | Arena    | Killed Arachne
 36517 | Spider:3 | Reached skill level 17 in Fighting
 36716 | Spider:3 | Received a gift from Okawaru
 37235 | Spider:4 | Entered Level 4 of the Spider Nest
 37260 | Spider:3 | Received a gift from Okawaru
 37403 | Spider:3 | Reached skill level 18 in Fighting
 38015 | Spider:4 | Reached skill level 19 in Fighting
 38096 | Spider:4 | Received a gift from Okawaru
 38337 | Spider:4 | Received a gift from Okawaru
 38623 | Spider:4 | Got a gossamer rune of Zot
 38779 | Spider:4 | Found a runed translucent gate.
 38779 | Spider:4 | Found a runed translucent gate.
 38779 | Spider:4 | Found a runed translucent gate.
 38780 | Spider:4 | Noticed sn0wgr3's ghost (journeyman MiFi)
 38780 | Spider:4 | Noticed Wopnel's ghost (adept DsVM)
 38780 | Spider:4 | Noticed Xitiatz's ghost (journeyman DDFi)
 38781 | Spider:4 | Noticed tstbtto's ghost (adept DDBe)
 38805 | Spider:4 | Killed sn0wgr3's ghost
 38809 | Spider:4 | Killed Xitiatz's ghost
 38819 | Spider:4 | Killed tstbtto's ghost
 38844 | Spider:4 | Killed Wopnel's ghost
 39170 | Vaults:1 | Entered Level 1 of the Vaults
 39194 | Vaults:1 | Reached skill level 20 in Fighting
 39194 | Vaults:1 | Received a gift from Okawaru
 39316 | Vaults:1 | Received a gift from Okawaru
 39461 | Vaults:1 | Reached XP level 20. HP: 173/173 MP: 29/32
 39675 | Vaults:1 | Reached skill level 10 in Evocations
 39705 | Vaults:1 | Received a gift from Okawaru
 40240 | Vaults:1 | Received a gift from Okawaru
 40701 | Vaults:2 | Received a gift from Okawaru
 40835 | Vaults:2 | Received a gift from Okawaru
 41427 | Orc:2    | Bought the ring of Fallacy {rElec EV+4 Int-4 SInv Stlth+}
                  | for 631 gold pieces
 41972 | Vaults:2 | Found a transporter.
 41974 | Vaults:2 | Found the +27 Lear's hauberk
 42015 | Vaults:2 | Found a transporter.
 42175 | Vaults:2 | Identified the +2 cloak "Nuast" {Harm Will+ Int+3} (Okawaru
                  | gifted it to you on level 2 of the Vaults)
 42175 | Vaults:2 | Received a gift from Okawaru
 42229 | Vaults:2 | Identified the ring "Masaepum" {rN+ Will+ Dex+4}
 42264 | Vaults:2 | Identified the ring of Diepuf {rF+ rN+}
 42366 | Vaults:3 | Reached XP level 21. HP: 65/180 MP: 33/35
 42676 | Vaults:3 | Found a staircase to the Crypt.
 42962 | Vaults:3 | Found a runed translucent door.
 42965 | Vaults:3 | Noticed MagicUser's ghost (adept FoFi)
 42986 | Vaults:3 | Killed MagicUser's ghost
 42998 | Vaults:3 | Got Sif Muna's Reference Book on the Rocks
 43243 | Vaults:3 | Received a gift from Okawaru
 44183 | Vaults:4 | Received a gift from Okawaru
 44393 | Vaults:4 | Reached XP level 22. HP: 188/188 MP: 36/36
 44573 | Vaults:4 | Reached skill level 15 in Stealth
 44679 | Vaults:4 | Identified the +12 crystal plate armour of Lies {Fly rN+++
                  | Str-2 Int-5} (Okawaru gifted it to you on level 4 of the
                  | Vaults)
 44679 | Vaults:4 | Received a gift from Okawaru
 44748 | Vaults:4 | Identified the +5 hand axe of Duty {drain, rElec}
 44834 | Vaults:4 | Paralysed by a great orb of eyes for 4 turns
 45181 | Vaults:4 | Found the +9 heavy crossbow "Sniper" {vorpal, Acc+∞ SInv}
 45188 | Vaults:4 | Reached skill level 15 in Evocations
 45271 | Vaults:4 | Identified the +3 shortbow "Ufraetwi" {speed, rElec rC+++
                  | rCorr Str-5}
 45724 | Elf:1    | Entered Level 1 of the Elven Halls
 45953 | Elf:1    | Identified the ring "Nemiku" {Fire *Slow rPois Int+4}
 45956 | Elf:1    | Identified the ring of Ledghu {rF+ Int+4}
 46023 | Elf:1    | Found Deawning's General Store.
 46037 | Elf:1    | Bought a potion of heal wounds for 85 gold pieces
 46079 | Elf:1    | Paralysed by an air elemental for 1 turns
 47007 | Elf:2    | Found Jasch's Distillery.
 47222 | Elf:2    | Found a runed translucent gate.
 47222 | Elf:2    | Found a runed translucent gate.
 47222 | Elf:2    | Found a runed translucent gate.
 47279 | Elf:2    | Reached skill level 15 in Armour
 47435 | Elf:2    | Received a gift from Okawaru
 47806 | Elf:3    | Entered Level 3 of the Elven Halls
 47862 | Elf:3    | Reached XP level 23. HP: 193/193 MP: 37/37
 47935 | Elf:3    | Identified the -3 pair of boots "Huqiafak" {rN+++ Will+
                  | MP-9 Stlth-} (Okawaru gifted it to you on level 3 of the
                  | Elven Halls)
 47935 | Elf:3    | Received a gift from Okawaru
 48008 | Elf:3    | Identified the +6 pearl dragon scales of Fydum {Harm rN+
                  | rCorr Str-4 Dex+3}
 48020 | Elf:3    | Identified the +3 war axe of Perfectionism {pain, Drain
                  | rElec Int+6}
 48020 | Elf:3    | Identified the +1 leather armour "Eqiplea" {SInv}
 48090 | Elf:3    | Reached XP level 24. HP: 201/201 MP: 37/37
 48114 | Elf:3    | Identified the +6 chain mail of Hangman {Str+4}
 48119 | Elf:3    | Identified the ring of Jueryocw {rF- rC+ MP+9 Str+4 Int+6}
 48179 | Elf:3    | Identified the +2 leather armour "Voz Joge" {*Corrode rPois
                  | Stlth+}
 48184 | Elf:3    | Got the Handbook of Malediction
 48209 | Elf:3    | Acquired a manual of Evocations
 48218 | Elf:3    | Acquired a +2 hat of intelligence
 48548 | Elf:3    | Paralysed by an air elemental for 1 turns
 48556 | Elf:3    | Paralysed by an air elemental for 1 turns
 48561 | Elf:3    | Identified the +3 scale mail "Ytain" {Regen+}
 49311 | Depths:1 | Entered Level 1 of the Depths
 49354 | Depths:1 | Found Buofamm's Jewellery Boutique.
 49354 | Depths:1 | Found Ivyircha's Book Shoppe.
 49355 | Depths:1 | Found Moufear's Jewellery Boutique.
 49408 | Depths:1 | Found a magical portal.
 49418 | WizLab   | Entered The Roulette of Golubria
 49418 | WizLab   | Found a transporter.
 49425 | WizLab   | Found a corrupted altar of Lugonu.
 49451 | WizLab   | Found a transporter.
 49496 | WizLab   | Found a transporter.
 49521 | WizLab   | Found a transporter.
 49554 | WizLab   | Found a transporter.
 49620 | WizLab   | Found a transporter.
 49701 | WizLab   | Found a corrupted altar of Lugonu.
 49715 | WizLab   | Found a transporter.
 49745 | WizLab   | Found a transporter.
 49758 | WizLab   | Found a transporter.
 49762 | WizLab   | Found a transporter.
 49818 | WizLab   | Found a transporter.
 49825 | WizLab   | Found a corrupted altar of Lugonu.
 49840 | WizLab   | Found a transporter.
 50052 | WizLab   | Found a transporter.
 50055 | WizLab   | Cast into level 3 of the Abyss (a wizard)
 50064 | Abyss:3  | Found a corrupted altar of Lugonu.
 50118 | Abyss:5  | Entered Level 5 of the Abyss
 50171 | Abyss:5  | Found a glowing golden altar of the Shining One.
 50182 | Abyss:5  | Noticed a juggernaut
 50199 | Abyss:5  | Killed a juggernaut
 50226 | Abyss:5  | Got an abyssal rune of Zot
 50291 | WizLab   | Escaped the Abyss
 50378 | WizLab   | Found a transporter.
 50378 | WizLab   | Found a transporter.
 50413 | WizLab   | Found a transporter.
 50450 | WizLab   | Found a transporter.
 50455 | WizLab   | Cast into level 3 of the Abyss (eldritch tentacle)
 50516 | Abyss:3  | Paralysed by an air elemental for 1 turns
 50528 | WizLab   | Escaped the Abyss
 50554 | WizLab   | Identified the +0 cloak "Baebledi" {Drain rPois Int+3
                  | Stlth+}
 50573 | WizLab   | Identified the +0 cloak of Prudence {rElec rC+ Dex-3}
 50631 | WizLab   | Found a transporter.
 50698 | WizLab   | Found a transporter.
 50698 | WizLab   | Found a transporter.
 51016 | Depths:1 | Found an ancient bone altar of Kikubaaqudgha.
 51425 | Depths:1 | Identified the +7 demon blade of the Shining Light {drain,
                  | Int+4 Dex+5}
 51450 | Depths:1 | Found a gateway to Hell.
 51972 | Depths:2 | Reached XP level 25. HP: 204/207 MP: 37/37
 52077 | Depths:2 | Found a one-way gate to the infinite horrors of the Abyss.
 52178 | Depths:2 | Received a gift from Okawaru
 52369 | Depths:2 | Found a gateway to a ziggurat.
 52741 | Depths:3 | Paralysed by a great orb of eyes for 6 turns
 52742 | Depths:3 | Noticed Mara
 52772 | Depths:3 | Noticed Crownlay's illusion
 52783 | Depths:3 | Killed Mara
 52878 | Depths:3 | Noticed the Enchantress
 52899 | Depths:3 | Cast into level 2 of the Abyss (the Enchantress)
 52990 | Abyss:2  | Gained mutation: You have hidden genetic defects. [a
                  | neqoxec]
 53125 | Depths:3 | Escaped the Abyss
 53135 | Depths:3 | Reached skill level 21 in Fighting
 53150 | Depths:3 | Found Benn's Antique Armour Shoppe.
 53161 | Depths:3 | Killed the Enchantress
 53774 | Depths:3 | Reached skill level 22 in Fighting
 53774 | Depths:3 | Gained mutation: You do not regenerate when monsters are
                  | visible. [hidden defects]
 53823 | Depths:3 | Identified the +7 hunting sling of Anyr {flame, rElec rF+}
 53971 | Depths:3 | Received a gift from Okawaru
 54446 | D:12     | You paid a toll of +2 gold dragon scales to enter a
                  | treasure trove
 54447 | Trove    | Entered a treasure trove
 54463 | Trove    | Identified the ring of Jueruqeh {rF+ rN+ Will+ Str+6 Int+4}
 54469 | Trove    | Identified the amulet "Kicothra" {RegenMP rF+ rCorr}
 54473 | Trove    | Identified the ring "Vishuk" {rF+ rC- rCorr Int+4 SInv}
 54481 | Trove    | Identified the amulet "Lomu" {Faith rF+ rCorr}
 54496 | Trove    | Identified the ring "Gyosadew" {+Blink Will- MP+9 Str+3}
 54500 | Trove    | Identified the ring of Tuzo {rCorr MP+9}
 54503 | Trove    | Identified the amulet "Doffaeh" {Faith Int+4}
 54506 | Trove    | Identified the ring of the Slug {Will+ SInv}
 54816 | Depths:4 | Entered Level 4 of the Depths
 54835 | Depths:4 | Identified the +0 plate armour "Cuorph" {Will+ Slay+5}
                  | (Okawaru gifted it to you on level 4 of the Depths)
 54835 | Depths:4 | Received a gift from Okawaru
 54971 | Depths:4 | Reached skill level 23 in Fighting
 55085 | Depths:4 | Gained mutation: You tend to lose your temper in combat.
                  | [hidden defects]
 55085 | Depths:4 | Lost mutation: You have hidden genetic defects. [hidden
                  | defects expressed]
 55420 | Depths:4 | Found a gate to the Realm of Zot.
 55492 | Depths:4 | Reached skill level 24 in Fighting
 55784 | Depths:4 | Lost mutation: You are frail. (-10% HP) [potion of
                  | mutation]
 55784 | Depths:4 | Lost mutation: You tend to lose your temper in combat.
                  | [potion of mutation]
 55784 | Depths:4 | Gained mutation: You have hidden genetic potential. [potion
                  | of mutation]
 55785 | Depths:4 | Lost mutation: You have hidden genetic potential. [potion
                  | of mutation]
 55785 | Depths:4 | Lost mutation: You do not regenerate when monsters are
                  | visible. [potion of mutation]
 55785 | Depths:4 | Gained mutation: You have a pair of small horns on your
                  | head. [potion of mutation]
 56392 | Zot:1    | Entered Level 1 of the Realm of Zot
 56407 | Zot:1    | Reached XP level 26. HP: 228/255 MP: 37/37
 56782 | Zot:1    | Noticed an orb of fire
 56795 | Zot:1    | Killed an orb of fire
 56796 | Zot:1    | Reached skill level 25 in Fighting
 57621 | Zot:2    | Noticed a Killer Klown
 57633 | Zot:2    | Killed a Killer Klown
 57669 | Zot:2    | Received a gift from Okawaru
 57868 | Zot:2    | Received a gift from Okawaru
 58157 | Zot:2    | Received a gift from Okawaru
 58254 | Zot:2    | Reached skill level 15 in Throwing
 58303 | Zot:2    | Reached skill level 26 in Fighting
 58956 | Zot:3    | Received a gift from Okawaru
 59196 | Zot:3    | Received a gift from Okawaru
 59413 | Zot:3    | Noticed an orb of fire
 59419 | Zot:3    | Gained mutation: Your magical capacity is low. (-10% MP)
                  | [an orb of fire]
 59422 | Zot:3    | Killed an orb of fire
 59605 | Zot:3    | Acquired a manual of Polearms
 59609 | Zot:3    | Acquired 1173 gold pieces
 59674 | Zot:3    | Received a gift from Okawaru
 59709 | Zot:3    | Identified the +5 battleaxe "Aubergine" {freeze, rF++
                  | Will+} (Okawaru gifted it to you on level 3 of the Realm of
                  | Zot)
 59709 | Zot:3    | Received a gift from Okawaru
 59715 | Zot:3    | Reached skill level 27 in Fighting
 59883 | Zot:3    | Noticed a shard shrike
 59898 | Zot:3    | Reached XP level 27. HP: 156/273 MP: 18/33
 60883 | Zot:4    | Received a gift from Okawaru
 61010 | Zot:4    | Received a gift from Okawaru
 61292 | Zot:4    | Received a gift from Okawaru
 61511 | Zot:4    | Noticed an orb of fire
 61511 | Zot:4    | Gained mutation: You are dopey. (Int -2) [an orb of fire]
 61512 | Zot:4    | Gained mutation: Potions are less effective at restoring
                  | your health. [an orb of fire]
 61517 | Zot:4    | Gained mutation: You are clumsy. (Dex -2) [an orb of fire]
 61521 | Zot:4    | Gained mutation: You occasionally shout uncontrollably at
                  | your foes. [an orb of fire]
 61524 | Zot:4    | Killed an orb of fire
 61552 | Zot:4    | Received a gift from Okawaru
 61664 | Zot:4    | Found the +4 Cigotuvi's embrace {rMiasma Drain rN+}
 61801 | Zot:5    | Entered Level 5 of the Realm of Zot
 62297 | Zot:5    | Received a gift from Okawaru
 62726 | Zot:5    | Noticed a dread lich
 62736 | Zot:5    | Noticed an orb of fire
 62737 | Zot:5    | Noticed an orb of fire
 62744 | Zot:5    | Noticed a dread lich
 62745 | Zot:5    | Gained mutation: You are occasionally teleported next to
                  | monsters. [an orb of fire]
 62747 | Zot:5    | Noticed an ancient lich
 62748 | Zot:5    | Noticed an orb of fire
 62750 | Zot:5    | Noticed an ancient lich
 62750 | Zot:5    | Noticed an orb of fire
 62752 | Zot:5    | Gained mutation: Your magical capacity is very low. (-20%
                  | MP) [an orb of fire]
 62752 | Zot:5    | Noticed a dread lich
 62752 | Zot:5    | Gained mutation: You sometimes lose the ability to read
                  | scrolls when taking damage. [an orb of fire]
 62755 | Zot:5    | Killed from afar by an orb of fire

Illustrated notes

Levels and vault maps discovered:
D:1:      nzn_arrival_water_spiral, layout_basic,
          shapermc_ecumenical_altar_mp_ritualfount, minmay_indecisive_spiral
D:2:      layout_loops_corners, basic_altar, grunt_ministairs_15,
          minmay_tetromino_o4
D:3:      layout_loops_ring, minmay_bisected
D:4:      layout_basic, serial_shops, nicolae_shop_stone,
          hangedman_abyss_or_decor_lesser_grid
D:5:      layout_loops_corners, minmay_temple_entry_antechambers
D:6:      layout_gridville, grunt_gozag_statues, uniq_blork_the_orc
D:7:      layout_cave_pools, enter_bailey_5, grunt_ministairs_3, uniq_maggie,
          uniq_pikel
D:8:      layout_basic, nicolae_dithmenos_the_darkroom,
          chequers_temple_overflow_minitemple, lightli_minifort
D:9:      layout_long_grid, grunt_temple_overflow_holy_war, vehumet_statue,
          minmay_lair_entry_grove, uniq_maurice, uniq_psyche
D:10:     layout_stronghold, david_orc_3, uniq_josephine
D:11:     layout_roguey, serial_shops, shop, gauntlet_entry_generic,
          serial_bayou, serial_bayou_pond_c, serial_bayou_crossing,
          serial_bayou_ford_a, serial_bayou_pond_e, minmay_gold_behind_fungi,
          nzn_wu_jian_contemplation
D:12:     layout_basic, nicolae_trove_entry_isolated, serial_shops,
          nicolae_shop_behind_doors, shop, nicolae_square_shop
D:13:     layout_rooms, erik_vaults_2, uniq_jorgrun
D:14:     layout_long_grid, lemuel_crystal_altar, minmay_misc_feat_rows,
          st_stairs_8, uniq_nessos
D:15:     grunt_enter_depths_snipers, layout_basic, okawaru_trees_2,
          gammafunk_ghost_spectres, minmay_misc_feat_x, minivault_16
Temple:   eino_temple_water
Lair:1:   layout_long_grid, nicolae_volcano_entry_s_turn
Lair:2:   layout_roguey, skrybe_swamp_entry_bodies,
          nicolae_spider_entry_non_spiders, lemuel_fruit_fields
Lair:3:   layout_regular_city
Lair:4:   layout_regular_city, disabler_island, grunt_megastairs_2, uniq_sonja
Lair:5:   layout_misc_corridors
Lair:6:   cheibrodos_lair_end_hotspot, layout_concentric_octagons,
          nicolae_slime_entry_slimehenge, lemuel_centaur_altar
Swamp:1:  layout_basic_swamp, nicolae_swamp_little_tower, uniq_aizul,
          uniq_louise
Swamp:2:  layout_falls_marsh, infiniplex_staircase_pool
Swamp:3:  layout_basic_swamp, nicolae_swamp_feature_on_the_river_bank
Swamp:4:  byrel_swamp_growth_death_and_undeath, layout_basic_swamp, swamp_pool5,
          grunt_ruined_hall, uniq_bai_suzhen
Spider:1: layout_spider_delve
Spider:2: layout_chambers
Spider:3: nicolae_spider_hilbert_zone_1 [nicolae_spider_hilbert_4_sides_1_open,
          nicolae_spider_hilbert_4_sides_1_open,
          nicolae_spider_hilbert_4_sides_1_open,
          nicolae_spider_hilbert_4_sides_1_open,
          nicolae_spider_hilbert_3_sides_1_open,
          nicolae_spider_hilbert_3_sides_1_open,
          nicolae_spider_hilbert_3_sides_1_open,
          nicolae_spider_hilbert_3_sides_1_open,
          nicolae_spider_hilbert_3_sides_1_open,
          nicolae_spider_hilbert_6_sides_1_open,
          nicolae_spider_hilbert_6_sides_1_open,
          nicolae_spider_hilbert_3_sides_1_open,
          nicolae_spider_hilbert_3_sides_1_open,
          nicolae_spider_hilbert_3_sides_1_open,
          nicolae_spider_hilbert_3_sides_1_open,
          nicolae_spider_hilbert_2_sides_1_open], uniq_arachne
Spider:4: grunt_spider_rune_parallel, gammafunk_ghost_cemetery,
          nicolae_orb_island
Orc:1:    layout_diamond_mine, portal_ice_cave_rime
Orc:2:    pf_orc_diabolical, layout_diamond_mine, serial_shops,
          nicolae_shop_behind_doors, nicolae_shop_crystal, nicolae_square_shop,
          shop, uniq_rupert
Elf:1:    minmay_the_grid_3x2 [minmay_the_grid_mess, minmay_the_grid_spikes,
          minmay_the_grid_diamond_grid, minmay_the_grid_empty,
          minmay_the_grid_broken_lines, minmay_the_grid_prize_diamond_cup],
          layout_loops_corners, serial_shops,
          nicolae_shop_temple_entry_statues_fountains, evilmike_minifort
Elf:2:    nicolae_elf_blades_splatter_lattice
          [nicolae_blade_entry_hurt_lockers], layout_geoelf_octagon,
          serial_shops, nicolae_square_shop
Elf:3:    minmay_elf_hall_statues, layout_rooms, serial_corexii_hall,
          corexii_hall_statues_i, corexii_hall_statues_i, elf_orc_summit_meeting
Vaults:1: st_more_cells, vaults_mumra_chevron, v_misc_18,
          vaults_room_ringed_pool, nicolae_vaults_shelves_hall,
          layout_vaults_omnigrid
Vaults:2: nicolae_vaults_network_periphery, nicolae_vaults_network_star,
          gammafunk_dig_for_victory, v_rooms_6, v_misc_4,
          nicolae_vaults_mini_display_case, nicolae_vaults_specimen_jars,
          v_pattern_2, nicolae_vaults_diagonal_hallway_7,
          layout_vaults_omnicross
Vaults:3: hellmonk_ghost_big_iron, hangedman_vaults_variations,
          ontoclasm_vaults_gateway, ontoclasm_vaults_spin,
          hangedman_vaults_cutoff, minmay_crypt_entry_simple_round,
          v_alt_pattern_5, v_misc_28, v_alt_pattern_2,
          nicolae_vaults_little_squares_6, nicolae_vaults_back_hallway,
          vaults_room_pool, layout_vaults_big_room
Vaults:4: vaults_dpeg_encased_lava, vaults_dpeg_doors, grunt_vaults_focal,
          minmay_guarded_unrand_secular_launcher, v_rooms_5, v_misc_1,
          v_pattern_3, hangedman_vaults_unwind,
          hangedman_vaults_stretched_pinwheel, nicolae_vaults_three_branches,
          ontoclasm_vaults_fault, layout_vaults_ring
Depths:1: layout_roguey, infiniplex_enter_wizlab_glasses, hellmouth_1,
          minmay_misc_feat_cross, kiku_gazebo_garden_becter, minmay_shop_grove,
          serial_bayou_shore_b
Depths:2: grunt_bruiser_brothers, layout_cave_shapes, enter_ziggurat_a,
          grunt_pan_entry_zigzag, corexii_corridor_pit, hell_entry, abyss_entry
Depths:3: four-leaf_vault, layout_cave_pools, serial_shops, shop,
          kennysheep_cluttered_room, rand_demon_pan_entry_1,
          abyss_entry_glasseish, hell_entry, minmay_misc_feat_enclosed,
          infiniplex_staircase_pillars_1, uniq_enchantress, uniq_mara
Depths:4: grunt_zot_entry_pinwheel, layout_long_grid, hell_entry, nicolae_wwwww,
          abyss_entry, serial_bayou_shore_b
Zot:1:    layout_misc_corridors
Zot:2:    layout_basic, lemuel_elevator
Zot:3:    layout_misc_corridors, hangedman_elemental_grid_stream,
          grunt_megastairs_3
Zot:4:    kennysheep_room_grid, layout_concentric_octagons,
          guppyfry_library_mini
Zot:5:    layout_gridlike

Skill      XL: |  1  2  3  4  5  6  7  8  9 10 11 12 13 14 15 16 17 18 19 20 21 22 23 24 25 26 27 |
---------------+----------------------------------------------------------------------------------+-----
Axes           | 3 4 5 6 7 9 11 13 14 16 18 19 21 23 24 | 24.0
Shields        | 4 6 |  6.7
Invocations    | 4 10 12 14 15 16 17 20 | 20.0
Fighting       | 5 13 16 20 24 27 | 27.0
Throwing       | 4 9 10 12 13 14 15 19 | 19.1
Evocations     | 4 8 9 12 14 15 | 15.0
Stealth        | 12 13 14 16 17 | 17.4
Armour         | 9 10 13 15 16 19 20 | 20.0

Action                   |  1- 3 |  4- 6 |  7- 9 | 10-12 | 13-15 | 16-18 | 19-21 | 22-24 | 25-27 || total
-------------------------+-------+-------+-------+-------+-------+-------+-------+-------+-------++-------
Melee: War axe           |   131 |    95 |   319 |       |       |       |       |       |       ||   545
       Executioner's axe |       |       |    14 |   329 |   711 |   820 |   908 |   858 |  1393 ||  5033
       Broad axe         |       |       |       |     5 |    24 |    59 |       |       |       ||    88
       Headbutt          |       |       |       |       |       |       |       |       |   278 ||   278
Throw: Throwing net      |       |       |     2 |       |       |       |       |       |       ||     2
       Boomerang         |       |       |    21 |    74 |   480 |   549 |   285 |   113 |    37 ||  1559
       Dart              |       |       |       |       |     1 |       |       |       |       ||     1
       Javelin           |       |       |       |       |     5 |    28 |   114 |   121 |    35 ||   303
Invok: Heroism           |       |       |     4 |     7 |    34 |    51 |    47 |    34 |    59 ||   236
       Finesse           |       |       |       |     1 |     5 |     6 |     6 |     5 |     1 ||    24
       Duel              |       |       |       |       |       |     1 |     1 |       |       ||     2
Evoke: Wand              |       |       |     7 |     4 |    23 |    11 |     2 |     1 |     1 ||    49
       Condenser vane    |       |       |       |       |       |       |       |       |     1 ||     1
  Use: Scroll            |       |       |     8 |     6 |    21 |    18 |     1 |     5 |     4 ||    63
       Potion            |       |       |       |     1 |     2 |     4 |     2 |     1 |    16 ||    26
 Stab: Held in net/web   |       |       |     1 |       |       |       |       |       |       ||     1
       Paralysed         |       |       |       |     2 |       |       |       |       |       ||     2
       Invisible         |       |       |       |       |       |     1 |       |       |       ||     1
       Confused          |       |       |       |       |       |     2 |       |       |     3 ||     5
       Distracted        |       |       |       |       |       |       |     3 |       |       ||     3
       Sleeping          |       |       |       |       |       |       |     9 |       |       ||     9
Armor: Scale mail        |    53 |    32 |    62 |       |       |       |       |       |       ||   147
       Plate armour      |       |       |    15 |   226 |   432 |   694 |   688 |    35 |       ||  2090
       Crystal plate arm |       |       |       |       |       |       |       |   541 |  1304 ||  1845
Dodge: Dodged            |    49 |    54 |   163 |   223 |   230 |   294 |   450 |   346 |   830 ||  2639
Block: Buckler           |    34 |    18 |    61 |       |       |       |       |       |       ||   113
       Other             |       |       |       |       |       |       |       |       |    34 ||    34
       Reflection        |       |       |       |       |       |       |       |       |     1 ||     1

Table legend: (Time is in decaauts)
 A = Elapsed time spent in this place.
 B = Non-inter-level travel time spent in this place.
 C = Inter-level travel time spent in this place.
 D = Time resting spent in this place.
 E = Time spent auto-exploring this place.
 F = Levels seen in this place.
 G = Mean time per level.
                   A        B        C        D        E       F      G
               +--------+--------+--------+--------+--------+-----+--------+
         Total |  60953 |  56572 |   4381 |   4940 |  33739 |  61 |  999.2 |
       Dungeon |  18271 |  16076 |   2195 |   1176 |  11683 |  15 | 1218.1 |
        Temple |     34 |     17 |     17 |      0 |      5 |   1 |   34.0 |
          Lair |   7767 |   7360 |    407 |   1001 |   4725 |   6 | 1294.5 |
         Swamp |   3495 |   3293 |    202 |    208 |   1837 |   4 |  873.8 |
   Spider Nest |   4574 |   4382 |    192 |    175 |   3119 |   4 | 1143.5 |
  Orcish Mines |   2023 |   1776 |    247 |    131 |    977 |   2 | 1011.5 |
   Elven Halls |   3272 |   2988 |    284 |     98 |   1895 |   3 | 1090.7 |
        Vaults |   5866 |   5523 |    343 |    245 |   3177 |   4 | 1466.5 |
        Depths |   4847 |   4470 |    377 |      0 |   3023 |   4 | 1211.8 |
           Zot |   6126 |   6012 |    114 |    739 |   2394 |   5 | 1225.2 |
         Abyss |    463 |    463 |      0 |     34 |      9 |   5 |   92.6 |
         Trove |    110 |    110 |      0 |      0 |      0 |   1 |  110.0 |
        Bailey |   1685 |   1685 |      0 |    867 |    278 |   1 | 1685.0 |
      Ice Cave |    290 |    290 |      0 |    107 |      0 |   1 |  290.0 |
       Volcano |    390 |    390 |      0 |    126 |     54 |   1 |  390.0 |
        Wizlab |   1063 |   1063 |      0 |      0 |    322 |   1 | 1063.0 |
      Gauntlet |    589 |    589 |      0 |      0 |    211 |   1 |  589.0 |
         Arena |     79 |     79 |      0 |     32 |     30 |   2 |   39.5 |
               +--------+--------+--------+--------+--------+-----+--------+

Top non-repeatable levels by time:
     D:8: 2142 daAuts
    D:10: 1795 daAuts
  Bailey: 1685 daAuts
   Orc:2: 1614 daAuts
  Lair:2: 1593 daAuts
Vaults:2: 1575 daAuts
Depths:4: 1524 daAuts
Vaults:3: 1482 daAuts
 Swamp:4: 1470 daAuts
   Zot:4: 1457 daAuts
Vaults:4: 1442 daAuts
     D:5: 1425 daAuts
  Lair:4: 1424 daAuts
     D:1: 1410 daAuts
   Zot:2: 1409 daAuts
